 Dungeon Crawl Stone Soup version 0.19.1 (webtiles) character file.

3595 RKaid the Grappler (level 9, -11/139 HPs)
             Began as a Troll Berserker on Dec 19, 2016.
             Was a High Priest of Trog.
             Mangled by a slime creature (13 damage)
             ... on level 8 of the Dungeon.
             The game lasted 00:10:48 (6521 turns).

RKaid the Grappler (Troll Berserker)                Turns: 6521, Time: 00:10:48

Health: -11/139    AC:  7    Str: 33    XL:     9   Next: 85%
Magic:  8/8        EV: 11    Int:  3    God:    Trog [*****.]
Gold:   622        SH:  6    Dex: 11    Spells: 0 memorised, 8 levels left

rFire  . . .     SeeInvis .       - Unarmed
rCold  + . .     Gourm    +     D - +0 robe
rNeg   + . .     Faith    .     (no shield)
rPois  .         Spirit   .     (helmet restricted)
rElec  .         Reflect  +     x - +1 cloak (curse)
rCorr  .         Harm     .     (gloves unavailable)
MR     .....                    (boots unavailable)
Stlth  ..........               j - +6 amulet of reflection
                                t - ring of positive energy {rN+}
                                s - ring of protection from cold {rC+, !d}

@: berserking, very quick
A: unfitting armour, claws 3, fast metabolism 3, gourmand, regeneration 1,
shaggy fur 1, tough skin 2
a: Berserk, Trog's Hand, Brothers in Arms, Burn Spellbooks, Renounce Religion


You were on level 8 of the Dungeon.
You worshipped Trog.
Trog was extremely pleased with you.
You were very full.

You visited 1 branch of the dungeon, and saw 9 of its levels.
You also visited: Sewer.

You collected 622 gold pieces.

Inventory:

Armour
 x - a cursed +1 cloak (worn)
   (You found it on level 5 of the Dungeon)
 D - a +0 robe (worn)
   (You took it off a wight on level 6 of the Dungeon)
Jewellery
 a - an uncursed amulet of faith {Faith, !P}
   (You found it on level 6 of the Dungeon)
 j - a +6 amulet of reflection (around neck)
   (You found it on level 1 of the Dungeon)
 l - an uncursed amulet of magic regeneration {+MPregen}
   (You found it on level 2 of the Dungeon)
 r - an uncursed amulet of regeneration {+regen, !d}
   (You found it on level 3 of the Dungeon)
 s - a ring of protection from cold (left claw) {rC+, !d}
   (You found it on level 6 of the Dungeon)
 t - a ring of positive energy (right claw) {rN+}
   (You found it on level 6 of the Dungeon)
Wands
 C - a wand of teleportation (2/9)
   (You found it on level 6 of the Dungeon)
 E - a wand of iceblast (6/15)
   (You found it on level 6 of the Dungeon)
Scrolls
 c - 2 scrolls of enchant armour
 d - 3 scrolls of teleportation
 g - 2 scrolls of enchant weapon
 i - 4 scrolls of remove curse
 n - 3 scrolls of fear
 v - a scroll of blinking {!r}
 y - a scroll of fog
 B - a scroll of magic mapping {!r}
Potions
 e - 6 potions of curing
 f - 2 potions of agility {unknown}
 h - 3 potions of brilliance
 m - a potion of invisibility
 o - 4 potions of lignification {!q}
 p - 4 potions of heal wounds {unknown}
 q - a potion of flight {unknown}
 w - a potion of degeneration {unknown}
 A - a potion of cure mutation {unknown}
 F - a potion of ambrosia {unknown}
 H - a potion of mutation {unknown}
Comestibles
 b - 10 bread rations
 k - 3 meat rations
 u - 2 beef jerkies
 z - 8 slices of pizza


   Skills:
 + Level 7.1 Fighting
 + Level 4.5 Dodging
 + Level 11.1 Unarmed Combat


You had 8 spell levels left.
You didn't know any spells.

Dungeon Overview and Level Annotations

Branches:
Dungeon (9/15)             Temple (0/1) D:4            Lair (0/6) D:8
    Orc: D:9-12

Altars:

Shops:
D:4 (([(   D:5 (}   D:6 =


Innate Abilities, Weirdness & Mutations

You are too large for most types of armour.
You have claws for hands.
Your metabolism is lightning-fast.
You like to eat raw meat.
Your natural rate of healing is unusually fast.
You are covered in fur. (AC +1)
You have very tough skin. (AC +2)


Message History

You block the two-headed ogre's attack.
The two-headed ogre hits you with a giant club!
You are too injured to fight recklessly!
You are too injured to fight recklessly!
You mangle the two-headed ogre!!
You kill the two-headed ogre!
Trog accepts your kill.
Things that are here:
a giant spiked club; a giant club You start resting.
Eating one of 10 chunks of flesh.
You start eating one of the 10 chunks of flesh.
This raw flesh tastes great.
You now have 612 gold pieces (gained 9).
You now have 622 gold pieces (gained 10).
All of the chunks of flesh in your inventory have rotted away.
Found a runed falchion.
You open the door.
A hornet zombie comes into view.
The hornet zombie closely misses you.
A hornet zombie is nearby!
You claw the hornet zombie! You claw the hornet zombie.
You block the hornet zombie's attack.
You scratch the hornet zombie.
The hornet zombie hits you but does no damage.
You claw the hornet zombie! The hornet zombie misses you.
You scratch the hornet zombie. The hornet zombie hits you.
You claw the hornet zombie! The hornet zombie misses you.
You closely miss the hornet zombie. Your claw misses the hornet zombie.
The hornet zombie closely misses you.
You mangle the hornet zombie!!
You destroy the hornet zombie!
Trog accepts your kill.
Your Fighting skill increases to level 7!
Your Unarmed Combat skill increases to level 11!
No target in view!
There is an open door here.
Found a stone staircase leading down.
Marking area around the jelly as unsafe for travelling.
A jelly comes into view.
The jelly quivers.
The jelly hits you but does no damage. The jelly barely misses you.
You mangle the jelly!!
You kill the jelly!
Trog accepts your kill.
You open the door.
There is an open door here.
f - 2 green potions (gained 1)
There is an open door here.
There is a stone staircase leading up here.
There is an open door here.
Done exploring.
Done exploring.
Done exploring.
Save game and exit?
Welcome back, RKaid the Troll Berserker.
Trog says: Kill them all!
Press ? for a list of commands and other information.
Done exploring.
There is a stone staircase leading down here.
You climb downwards.
You hear the roar of battle.
There is an entrance to a bailey on this level.
Hurry and find it before the portal closes forever! 5 slime creatures come into view.
The slime creature quivers. x3
Found three items.
Found a stone staircase leading up.
There is a stone staircase leading up here.
You scratch the slime creature. You mangle the slime creature!!
The slime creature hits you!
You barely miss the slime creature. The slime creature barely misses you.
The slime creature hits you!
You scratch the slime creature. You claw the slime creature!
You block the slime creature's attack. The slime creature hits you! x2
You are too injured to fight recklessly!
You are too injured to fight recklessly!
There is a stone staircase leading up here.
You block the slime creature's attack. x2; The slime creature hits you!
* * * LOW HITPOINT WARNING * * *
The slime creature barely misses you.
You climb upwards.
There is a stone staircase leading down here.
A red film seems to cover your vision as you go berserk!
You feel yourself moving faster!
You feel mighty!
You feel a lot less full. The slime creature hits you.
* * * LOW HITPOINT WARNING * * *
The slime creature hits you.
* * * LOW HITPOINT WARNING * * *
The slime creature completely misses you.
The slime creature hits you!
* * * LOW HITPOINT WARNING * * *
You are too berserk!
You claw the slime creature! You mangle the slime creature!!
You kill the slime creature!
Trog accepts your kill. The slime creature hits you!
* * * LOW HITPOINT WARNING * * *
The slime creature hits you!
You die...

####.##+##..........<.........###
#............######........#..
#............# #........#..
#............# #........#..
#............# #........#..
#............######........###
##......######....#...........
#......#..(JJ....#...........
#......#....@....#...........
#......#.....J...#...........
#......#.........'...........
#......#.........#..........#
#####......###########...........
.................................
...............................#.
.....).......^.....)...........#.
................)).............#.


You could see 3 slime creatures.

Vanquished Creatures
  Maurice (D:8)
  A two-headed ogre (D:8)
  A slime creature (D:8)
  A hippogriff (D:8)
  A human (D:8)
  A hornet zombie (D:8)
  Purgy (Sewer)
  2 sky beasts
  A black bear (D:7)
  4 ogres
  Blork the orc (D:5)
  2 big kobolds
  A bullfrog (D:8)
  2 scorpions (D:4)
  5 killer bees (D:8)
  9 wights
  A howler monkey (D:4)
  2 crimson imps
  A jelly (D:8)
  A bullfrog skeleton (D:7)
  3 hounds
  An orc priest (D:4)
  3 orc wizards
  2 centaur skeletons (D:6)
  A gnoll shaman (D:8)
  An iguana (D:7)
  5 worker ants
  2 hound skeletons (D:5)
  5 gnolls (D:8)
  A howler monkey skeleton (D:8)
  3 adders
  A shadow imp (D:8)
  4 dart slugs
  9 leopard geckos
  8 orcs
  8 bats
  9 giant cockroaches
  14 hobgoblins
  6 jackals
  21 kobolds
  3 quokkas
  3 ball pythons (D:1)
  9 frilled lizards
  5 goblins
  A leopard gecko skeleton (D:4)
  A leopard gecko zombie (D:5)
  12 rats
180 creatures vanquished.

Notes
Turn   | Place    | Note
-------+----------+-------------------------------------------
     0 | D:1      | RKaid the Troll Berserker began the quest for the Orb.
     0 | D:1      | Reached XP level 1. HP: 22/22 MP: 0/0
   127 | D:1      | Reached XP level 2. HP: 24/29 MP: 1/1
   480 | D:1      | Reached skill level 4 in Unarmed Combat
   566 | D:1      | Reached ** piety under Trog
   566 | D:1      | Reached XP level 3. HP: 36/36 MP: 2/2
  1281 | D:2      | Reached XP level 4. HP: 44/44 MP: 3/3
  1688 | D:3      | Found a glowing drain.
  1706 | Sewer    | Entered a sewer
  1772 | Sewer    | Noticed Purgy
  1779 | Sewer    | Killed Purgy
  1779 | Sewer    | Reached skill level 3 in Fighting
  1779 | Sewer    | Reached skill level 5 in Unarmed Combat
  1779 | Sewer    | Reached XP level 5. HP: 53/53 MP: 4/4
  2042 | D:3      | Reached *** piety under Trog
  2523 | D:4      | Found a staircase to the Ecumenical Temple.
  2538 | D:4      | Reached skill level 6 in Unarmed Combat
  2538 | D:4      | Reached XP level 6. HP: 53/61 MP: 5/5
  2650 | D:4      | Found Houvext's Antique Weapon Boutique.
  2666 | D:4      | Found Plog's Antique Weapon Boutique.
  2711 | D:4      | Found Pojum's Antique Armour Boutique.
  2775 | D:4      | Found Ubauph's Antique Weapon Shop.
  2928 | D:4      | Reached skill level 4 in Fighting
  2933 | D:4      | Reached XP level 7. HP: 70/70 MP: 6/6
  3135 | D:4      | Reached skill level 7 in Unarmed Combat
  3330 | D:5      | Entered Level 5 of the Dungeon
  3330 | D:5      | Found Hemoi's Gadget Shoppe.
  3505 | D:5      | Found Edwud's Weapon Emporium.
  3600 | D:5      | Identified Sif Muna's Grimoire of Floating Ice
  3650 | D:5      | Noticed Blork the orc
  3655 | D:5      | Killed Blork the orc
  3655 | D:5      | Reached skill level 8 in Unarmed Combat
  3902 | D:6      | Reached XP level 8. HP: 69/79 MP: 7/7
  3910 | D:6      | Found Nynann's Jewellery Shop.
  3945 | D:6      | Reached skill level 5 in Fighting
  4672 | D:7      | Reached skill level 9 in Unarmed Combat
  4736 | D:7      | Reached **** piety under Trog
  5220 | D:7      | Reached skill level 10 in Unarmed Combat
  5779 | D:8      | Reached skill level 6 in Fighting
  5779 | D:8      | Reached XP level 9. HP: 72/89 MP: 8/8
  5866 | D:8      | Found a staircase to the Lair.
  5866 | D:8      | Noticed Maurice
  5878 | D:8      | Killed Maurice
  5878 | D:8      | Reached skill level 3 in Dodging
  6160 | D:8      | Reached ***** piety under Trog
  6164 | D:8      | Reached skill level 4 in Dodging
  6172 | D:8      | HP: 34/138 [gnoll/spear of piercing (1)]
  6424 | D:8      | Reached skill level 7 in Fighting
  6424 | D:8      | Reached skill level 11 in Unarmed Combat
  6517 | D:9      | HP: 18/93 [slime creature (15)]
  6521 | D:8      | HP: 2/139 [slime creature (15)]
  6521 | D:8      | Mangled by a slime creature

Skill      XL: |  1  2  3  4  5  6  7  8  9 |
---------------+----------------------------+-----
Unarmed Combat | 4 5 6 8 10 11 | 11.1
Fighting       | 3 4 6 7 |  7.1
Dodging        | 4 |  4.5

Action                   |  1- 3 |  4- 6 |  7- 9 || total
-------------------------+-------+-------+-------++-------
Melee: Unarmed           |   128 |   135 |   239 ||   502
       Punch             |     5 |     2 |     8 ||    15
Invok: Berserk           |       |     4 |     9 ||    13
       Burn Spellbooks   |       |       |     1 ||     1
  Use: Scroll            |       |    10 |     9 ||    19
 Stab: Sleeping          |       |     2 |       ||     2
       Distracted        |       |     1 |       ||     1
  Eat: Chunk             |    17 |    18 |    33 ||    68
       Fruit             |       |       |     2 ||     2
       Pizza             |       |       |     2 ||     2
       Beef jerky        |       |       |     2 ||     2
Armor: Animal skin       |    50 |    50 |    14 ||   114
       Robe              |       |       |    38 ||    38
Dodge: Dodged            |    64 |    74 |   107 ||   245
Block: Other             |       |     6 |    62 ||    68
       Reflection        |       |       |     3 ||     3

Vault maps used:
D:1:      elethiomel_arrival_diamonds
D:2:      first_bread
D:3:      gup_sewer_entry_pipe, grunt_ministairs_8
D:4:      serial_shops, shop, nicolae_shop_stone, shop, shop
D:5:      serial_shops, nicolae_shop_crystal,
          nicolae_shop_competitors_out_of_business, uniq_blork_the_orc
D:6:      serial_shops, nicolae_shop_window_shopping
D:8:      dpeg_oklobed_lair, grunt_pizzeria, uniq_maurice
D:9:      david_orc_1_choice, enter_bailey_3, nicolae_ru_the_path_less_chosen
Sewer:    sewer_the_crocodile

Table legend:
 A = Turns spent in this place as a percentage of turns spent in the entire game.
 B = Non-inter-level travel turns spent in this place as a percentage of non-inter-level travel turns spent in the entire game.
 C = Inter-level travel turns spent in this place as a percentage of turns spent in this place.
 D = Turns resting spent in this place as a percentage of non-inter-level travel turns spent in this place.
 E = Turns spent auto-exploring this place as a percentage of non-inter-level travel turns spent in this place.
 F = Non-inter-level travel turns spent in this place divided by the number of levels of this place that you've seen.
                   A       B       C       D       E      F
               +-------+-------+-------+-------+-------+----------------------
         Total | 100.0 | 100.0 |   0.4 |   2.2 |  13.0 | 184.0
       Dungeon |  97.0 |  97.0 |   0.4 |   2.1 |  13.2 | 198.3
         Sewer |   3.0 |   3.0 |   0.0 |   7.3 |   9.1 |  55.0
               +-------+-------+-------+-------+-------+----------------------

Table legend:
 A = Kills in this place as a percentage of kills in entire the game.
 B = Kills by you in this place as a percentage of kills by you in the entire game.
 C = Kills by friends in this place as a percentage of kills by friends in the entire game.
 D = Other kills in this place as a percentage of other kills in the entire game.
 E = Experience gained in this place as a percentage of experience gained in the entire game.
 F = Experience gained in this place divided by the number of levels of this place that you have seen.
                   A       B       C       D       E      F
               +-------+-------+-------+-------+-------+----------------------
         Total | 100.0 | 100.0 |  -nan |  -nan | 100.0 | 513.6
       Dungeon |  96.7 |  96.7 |  -nan |  -nan |  97.3 | 555.0
         Sewer |   3.3 |   3.3 |  -nan |  -nan |   2.7 | 141.0
               +-------+-------+-------+-------+-------+----------------------
